cohdb
Replays
Latest Replays
All Replays
Popular Replays
Top Player Replays
Match Explorer
How It Works
Community
CoH3 Stats
Reddit
Sign in to upload your games and track your stats! →
Sign in with Steam
Match 46372760
Unlisted
Match 46372760
Overview
Messages
Build Orders
End
Construct Section Command Post
Selects Heavy Armor Battlegroup
Dingo Light Scout Car
Infantry Section
ML 3-inch Mortar Team
Infantry Section
Infantry Section
Selects Rigorous Vehicle Training
Construct Platoon Command Post
Unlock M3 Stuart Light Tanks
M3 Stuart Light Tank
Royal Engineer Section
M3 Stuart Light Tank
Selects Light Vehicle Withdraw and Refit
Selects UNKNOWN (202330)
Selects Forward Repair Assembly
Construct Company Command Post
Selects UNKNOWN (2162094)
Royal Engineer Section
Selects Designate Targets
Crusader AA Medium Tank
Armored Vehicle Training
Designate Targets
Designate Targets
Crusader AA Medium Tank
Royal Engineer Section
Nicilobster
Einherjer
QuickshotCoyote
오렌지플래닛
Tek
UMP-40
mi prima de Cifuentes
Papa Chulo
0
0
Comments
sign in to comment!
No comments posted yet!